 Dungeon Crawl Stone Soup version 0.23.2 (webtiles) character file.

Game seed: 9745138953116417707

11965 Lusmu the Covert (level 11, -7/114 HPs)
             Began as a Naga Warper on Apr 1, 2019.
             Was a Believer of Ashenzari.
             Mangled by a blink frog (13 damage)
             ... on level 2 of the Lair of Beasts.
             The game lasted 01:09:04 (15031 turns).

Lusmu the Covert (Naga Warper)                     Turns: 15031, Time: 01:09:04

Health: -7/114     AC: 25    Str: 14    XL:     11   Next: 86%
Magic:  15/15      EV: 11    Int: 13    God:    Ashenzari [**....]
Gold:   688        SH:  5    Dex: 14    Spells: 8/16 levels left

rFire    + . .     SeeInvis +   o - +2 trident (protect)
rCold    . . .     Gourm    .   J - +0 buckler
rNeg     . . .     Faith    .   L - +3 leather armour
rPois    +         Spirit   .   c - +2 helmet {SInv} (curse)
rElec    .         Reflect  .   y - +2 cloak
rCorr    .         Harm     .   b - +0 pair of gloves (curse)
MR       +....                  (no barding)
Stlth    +++++++...             q - amulet of regeneration
HPRegen  0.69/turn              i - ring of protection from fire
MPRegen  0.14/turn              d - ring of stealth

@: protection aura, very slow
A: large, icy blue scales 1, camouflage 1, see invisible, deformed body, poison
resistance, robust 1, slowness 2, slow metabolism 1, spit poison 1, AC +3
a: Spit Poison, Curse Item, Scrying, Renounce Religion


You were on level 2 of the Lair of Beasts.
You worshipped Ashenzari.
Ashenzari was pleased with you.
You were hungry.

You visited 3 branches of the dungeon, and saw 14 of its levels.

You collected 688 gold pieces.

Inventory:

Hand Weapons
 o - a +2 trident of protection (weapon)
Missiles
 m - 6 tomahawks (quivered)
 E - 5 throwing nets
Armour
 b - a cursed +0 pair of gloves (worn)
 c - a cursed +2 helmet of see invisible (worn)
 y - a +2 cloak (worn)
 J - a +0 buckler (worn)
 L - a +3 leather armour (worn)
Jewellery
 d - a ring of stealth (right hand)
 i - a ring of protection from fire (left hand)
 q - an amulet of regeneration (around neck)
 G - an uncursed ring of positive energy
Wands
 a - a wand of paralysis (5)
 w - a wand of acid (3)
Scrolls
 g - 2 scrolls of amnesia
 h - 7 scrolls of remove curse
 j - a scroll of fog
 k - a scroll of fear
 l - a scroll of identify
 r - 4 scrolls of enchant armour
 z - a scroll of brand weapon
 D - 3 scrolls of enchant weapon
 N - 2 scrolls of magic mapping
Potions
 e - 4 potions of ambrosia
 n - a potion of curing {unknown}
 p - a potion of heal wounds
 t - 4 potions of lignification
 x - 3 potions of haste
 A - a potion of invisibility
 B - 2 potions of brilliance
Comestibles
 f - 19 rations


   Skills:
 + Level 8.6 Fighting
 - Level 10.0 Polearms
 - Level 0.8 Throwing
 + Level 3.3 Armour
 + Level 3.7 Dodging
 - Level 12.0 Stealth
 + Level 3.0 Shields
 + Level 3.0 Spellcasting
 + Level 2.2 Conjurations
 - Level 5.0 Hexes
 - Level 5.0 Translocations
 + Level 2.2 Fire Magic
 + Level 2.2 Evocations


You had 8 spell levels left.
You knew the following spells:

 Your Spells              Type           Power        Failure   Level  Hunger
a - Blink                 Tloc           N/A          5%          2    ###....
b - Confuse               Hex            ###.....     11%         3    ###....
c - Conjure Flame         Conj/Fire      #.......     34%         3    ###....

Your spell library contained the following spells:

 Spells                   Type           Power        Failure   Level  Hunger
 Corona                   Hex            ###....      3%          1    #......
 Gell's Gravitas          Tloc           ###.......   11%         3    ###....
 Lesser Beckoning         Tloc           ###.......   11%         3    ###....
 Teleport Other           Tloc           ###.....     11%         3    ###....
 Tukima's Dance           Hex            ###.....     11%         3    ###....
 Flame Tongue             Conj/Fire      #....        12%         1    #......
 Magic Dart               Conj           #...         12%         1    #......
 Ensorcelled Hibernation  Hex/Ice        #.....       16%         2    ###....
 Shroud of Golubria       Chrm/Tloc      #.........   16%         2    ###....
 Searing Ray              Conj           #.....       17%         2    ###....
 Throw Flame              Conj/Fire      #.....       17%         2    ###....
 Dazzling Spray           Conj/Hex       ##....       19%         3    ###....
 Inner Flame              Hex/Fire       ##......     19%         3    ###....
 Passage of Golubria      Tloc           N/A          34%         4    #####..
 Poisonous Vapours        Pois/Air       #.....       38%         2    ###....
 Force Lance              Conj/Tloc      ##......     54%         4    #####..
 Fulminant Prism          Conj/Hex       ##........   54%         4    #####..
 Iskenderun's Mystic Bla  Conj           #.......     75%         4    #####..
 Sticky Flame             Conj/Fire      #.......     75%         4    #####..
 Fireball                 Conj/Fire      #.........   97%         5    ######.
 Bolt of Fire             Conj/Fire      #.........   100%        6    #######
 Ignition                 Fire           #.........   100%        8    #######


Dungeon Overview and Level Annotations

Branches:
Dungeon (11/15)            Temple (1/1) D:7            Lair (2/6) D:10
 Spider (0/4) Lair:2          Orc (0/2) D:9
  Swamp: Lair:2-4    Shoals: Lair:2-4

Altars:
Ashenzari
Cheibriados
Dithmenos
Elyvilon
Fedhas
Gozag
Hepliaklqana
Kikubaaqudgha
Makhleb
Nemelex Xobeh
Okawaru
Qazlal
Ru
Sif Muna
Trog
Uskayaw
Vehumet
Wu Jian
Xom
Yredelemnul
Zin
The Shining One

Shops:
D:7 *

Annotations:
D:3 Duvessa


Innate Abilities, Weirdness & Mutations

You cannot wear boots.
Your serpentine skin is tough. (AC +3)
You have supernaturally acute eyesight. (SInv)
Armour fits poorly on your strangely shaped body.
Your system is resistant to poisons. (rPois)
You cover ground very slowly.
You have a slow metabolism.
You can spit poison.
You are partially covered in icy blue scales. (AC +2)
Your skin changes colour to match your surroundings (Stealth+).
You are robust. (+10% HP)


Message History

The blink frog hits you but does no damage.
You miss the blink frog.
The blink frog is severely wounded.
The blink frog closely misses you. The blink frog hits you.
* * * LOW HITPOINT WARNING * * *
You hit the blink frog.
The blink frog is almost dead.
You are feeling hungry.
The blink frog hits you but does no damage.
You hit the blink frog.
The blink frog is almost dead.
You have got your breath back.
The blink frog completely misses you.
You barely miss the blink frog.
The blink frog is almost dead.
The blink frog closely misses you.
You hit the blink frog.
The blink frog is almost dead.
The blink frog hits you!
You die...

......[............§...##
......>.................#
..................FF...#####*
*
..............###.....###...
, .............##
###.F.##[... **
.##.......#### ##........ *
** ######....# ###......$. *
###.#..# #####..........
####.##...####(F@†.....(....*
*
#.#.............##.#.......#
##..........#(.#####.......#
## #........####### .#.#..###
#. #P...<..## ## ###...#####.
#......## *......... P......#
#....... ......## **##......
#.....# #.#.....


You could see a blink frog.

Vanquished Creatures
  Harold (Lair:1)
  A hydra (Lair:1)
  An elephant (Lair:1)
  A black mamba (Lair:1)
  2 spiny frogs
  2 trolls
  A hippogriff (D:7)
  A polar bear (Lair:2)
  A hornet (D:11)
  3 blink frogs (Lair:2)
  A vampire (D:11)
  2 wyverns (D:11)
  4 yaks (D:10)
  2 steam dragons
  3 wargs (D:10)
  3 porcupines (Lair:1)
  6 water moccasins
  4 ice beasts
  An orc warrior (D:10)
  A phantom (D:6)
  A necrophage (D:5)
  A black bear (D:10)
  2 sky beasts
  7 ogres
  5 centaurs
  3 crocodiles
  6 bullfrogs
  3 scorpions
  A wyvern skeleton (D:6)
  Dowan (D:4)
  2 water moccasin skeletons
  7 wights
  An electric eel (Lair:1)
  5 centaur zombies
  6 crimson imps
  A bullfrog zombie (D:5)
  A quasit (D:6)
  2 jellies (D:7)
  10 hounds
  6 orc wizards
  3 orc priests
  Crazy Yiuf (D:2)
  2 bullfrog skeletons
  2 centaur skeletons
  Ijyb (D:3)
  2 iguanas
  5 worker ants
  2 hound skeletons
  3 hound zombies
  3 worker ant zombies
  14 adders
  7 gnolls
  2 howler monkey skeletons
  A shadow imp (D:11)
  2 oozes
  An adder zombie (D:5)
  2 adder skeletons
  5 worms
  A dart slug (D:1)
  4 leopard geckos
  28 orcs
  15 giant cockroaches
  7 goblins
  12 hobgoblins
  8 jackals
  6 kobolds
  5 quokkas
  A ball python (D:1)
  16 bats
  9 frilled lizards
  A jackal zombie (D:5)
  A leopard gecko zombie (D:5)
  A quokka skeleton (D:5)
  2 quokka zombies (D:5)
  7 rats
  A fungus (D:2)
295 creatures vanquished.

Vanquished Creatures (others)
  Joseph (D:7)
  A bat (Lair:1)
  A fungus (Lair:2)
3 creatures vanquished.

Grand Total: 298 creatures vanquished

Notes
Turn   | Place    | Note
-------+----------+-------------------------------------------
     0 | D:1      | Lusmu the Naga Warper began the quest for the Orb.
     0 | D:1      | Reached XP level 1. HP: 19/19 MP: 3/3
    89 | D:1      | Reached skill level 1 in Stealth
   352 | D:1      | Reached XP level 2. HP: 15/26 MP: 5/5
   688 | D:1      | Reached skill level 2 in Stealth
   908 | D:1      | Reached XP level 3. HP: 24/33 MP: 6/6
  1899 | D:1      | Reached skill level 3 in Stealth
  1899 | D:1      | Reached XP level 4. HP: 29/40 MP: 7/7
  2753 | D:2      | Found a sacrificial altar of Ru.
  2788 | D:2      | Reached skill level 4 in Stealth
  2788 | D:2      | Reached XP level 5. HP: 40/49 MP: 8/8
  3351 | D:2      | Found a runed translucent door.
  3352 | D:2      | Noticed Crazy Yiuf
  3367 | D:2      | Killed Crazy Yiuf
  3881 | D:3      | Reached skill level 5 in Stealth
  3881 | D:3      | Reached XP level 6. HP: 54/57 MP: 9/9
  4289 | D:3      | Noticed Ijyb
  4339 | D:3      | Paralysed by Ijyb for 7 turns
  4351 | D:3      | Killed Ijyb
  4569 | D:4      | Noticed Duvessa
  4863 | D:4      | Reached skill level 6 in Stealth
  4875 | D:4      | Paralysed by an orc for 5 turns
  4889 | D:4      | Reached XP level 7. HP: 34/66 MP: 10/10
  4969 | D:4      | Noticed Dowan
  4973 | D:4      | Killed Dowan
  4984 | D:3      | HP: 3/66 [Duvessa/+2 antimagic short sword (15)]
  5276 | D:4      | Gained mutation: Your mind is acute. (Int +2) [potion of
                  | mutation]
  5276 | D:4      | Gained mutation: You have an increased reservoir of magic.
                  | (+10% MP) [potion of mutation]
  5668 | D:5      | Entered Level 5 of the Dungeon
  5797 | D:4      | Learned a level 2 spell: Blink
  5867 | D:5      | Reached skill level 5 in Polearms
  5867 | D:5      | Reached skill level 7 in Stealth
  5919 | D:5      | Reached skill level 5 in Fighting
  6061 | D:5      | Reached XP level 8. HP: 59/72 MP: 12/12
  6329 | D:5      | Reached skill level 8 in Stealth
  6714 | D:6      | Found an iron altar of Okawaru.
  6761 | D:6      | Learned a level 3 spell: Confuse
  6822 | D:6      | Reached skill level 9 in Stealth
  6822 | D:6      | Reached skill level 1 in Hexes
  6874 | D:6      | Reached XP level 9. HP: 80/80 MP: 13/13
  6981 | D:6      | Reached skill level 5 in Translocations
  7574 | D:7      | Reached skill level 10 in Stealth
  7611 | D:7      | Noticed Joseph
  8034 | D:7      | Found a staircase to the Ecumenical Temple.
  8043 | Temple   | Entered the Ecumenical Temple
  8201 | Temple   | Became a worshipper of Ashenzari the Shackled
  8380 | D:7      | Identified the Volume of the Arsonist and Poison
  8658 | D:7      | Killed Joseph
  8693 | D:6      | HP: 4/80 [phantom (8)]
  8850 | D:6      | Reached skill level 5 in Hexes
  8930 | D:7      | Found Sutu's Assorted Antiques.
  9235 | D:7      | Reached XP level 10. HP: 45/89 MP: 14/14
 10217 | D:8      | Found a blossoming altar of Fedhas.
 10681 | D:9      | Found a staircase to the Orcish Mines.
 10712 | D:9      | Reached skill level 11 in Stealth
 10830 | D:9      | Got the uncursed robe of Bad Feelings {rF+ Int+3}
 10852 | D:9      | Identified the +0 robe of Bad Feelings {rF+ Int+3} (You
                  | found it on level 9 of the Dungeon)
 11032 | D:9      | Reached * piety under Ashenzari
 11473 | D:10     | Entered Level 10 of the Dungeon
 11543 | D:10     | Reached skill level 12 in Stealth
 11734 | D:10     | Reached skill level 10 in Polearms
 11734 | D:10     | Reached skill level 1 in Armour
 11949 | D:10     | Reached skill level 1 in Shields
 11949 | D:10     | Reached XP level 11. HP: 101/101 MP: 15/15
 11975 | D:10     | Found a staircase to the Lair.
 13057 | D:11     | Noticed a purple ugly thing
 13144 | Lair:1   | Entered Level 1 of the Lair of Beasts
 13221 | Lair:1   | Noticed a four-headed hydra
 13231 | Lair:1   | Learned a level 3 spell: Conjure Flame
 13266 | Lair:1   | Noticed Harold
 13422 | Lair:1   | Lost mutation: You have an increased reservoir of magic.
                  | (+10% MP) [potion of mutation]
 13422 | Lair:1   | Lost mutation: Your mind is acute. (Int +2) [potion of
                  | mutation]
 13422 | Lair:1   | Gained mutation: Your skin changes colour to match your
                  | surroundings (Stealth+). [potion of mutation]
 13422 | Lair:1   | Gained mutation: You are robust. (+10% HP) [potion of
                  | mutation]
 13422 | Lair:1   | Gained mutation: You are partially covered in icy blue
                  | scales. (AC +2) [potion of mutation]
 13588 | Lair:1   | Killed a four-headed hydra
 13706 | Lair:1   | Reached skill level 1 in Conjurations
 13706 | Lair:1   | Reached skill level 1 in Fire Magic
 13706 | Lair:1   | Reached skill level 1 in Evocations
 13792 | Lair:1   | Reached ** piety under Ashenzari
 14411 | Lair:1   | Killed Harold
 14726 | Lair:2   | Found a hole to the Spider Nest.
 14749 | Lair:2   | Noticed an eight-headed hydra
 15027 | Lair:2   | HP: 4/114 [blink frog (6)]
 15031 | Lair:2   | Mangled by a blink frog

Skill      XL: |  1  2  3  4  5  6  7  8  9 10 11 |
---------------+----------------------------------+-----
Stealth        | 1 2 3 4 5 6 7 9 10 12 | 12.0
Fighting       | 3 4 5 6 7 8 |  8.6
Polearms       | 3 4 5 6 8 10 | 10.0
Translocations | 4 5 |  5.0
Hexes          | 1 5 |  5.0
Armour         | 1 3 |  3.3
Dodging        | 2 3 |  3.7
Shields        | 1 3 |  3.0
Conjurations   | 2 |  2.2
Fire Magic     | 2 |  2.2
Evocations     | 2 |  2.2
Spellcasting   | 3 |  3.0
Throwing       | |  0.8

Action                   |  1- 3 |  4- 6 |  7- 9 | 10-12 || total
-------------------------+-------+-------+-------+-------++-------
Melee: Spear             |   156 |   271 |       |       ||   427
       Trident           |       |   130 |   523 |   755 ||  1408
Throw: Tomahawk          |     1 |    11 |     7 |     5 ||    24
 Cast: Blink             |       |       |     3 |     2 ||     5
       Confuse           |       |       |       |     4 ||     4
Invok: Curse Item        |       |       |     1 |     1 ||     2
 Abil: Spit Poison       |     3 |    11 |    10 |     7 ||    31
Evoke: Wand              |       |       |     8 |     8 ||    16
  Use: Scroll            |     1 |     8 |    14 |     6 ||    29
       Potion            |       |     3 |     3 |     3 ||     9
 Stab: Paralysed         |       |     6 |     2 |       ||     8
       Sleeping          |       |     5 |    14 |    20 ||    39
       Confused          |       |       |       |     1 ||     1
       Distracted        |       |       |       |     2 ||     2
  Eat: Chunk             |     2 |     9 |     7 |    13 ||    31
       Ration            |       |       |     2 |     1 ||     3
Armor: Ring mail         |    83 |   214 |   370 |   201 ||   868
       Leather armour    |       |       |       |   138 ||   138
Dodge: Dodged            |    81 |   196 |   274 |   326 ||   877
Block: Buckler           |       |       |       |    66 ||    66
